 Dungeon Crawl Stone Soup version 0.23.2 (webtiles) character file.

Game seed: 10407005514955973504

557 Kairos the Cudgeler (level 7, -4/39 HPs)
             Began as a Gargoyle Monk on Apr 4, 2019.
             Slain by an ogre
             ... wielding a +0 giant club
              (20 damage)
             ... on level 4 of the Dungeon.
             The game lasted 00:06:20 (3284 turns).

Kairos the Cudgeler (Gargoyle Monk)                 Turns: 3284, Time: 00:06:21

Health: -4/39      AC: 16    Str: 17    XL:     7   Next: 30%
Magic:  7/7        EV:  8    Int: 10    God:
Gold:   247        SH:  0    Dex: 12    Spells: 6/6 levels left

rFire    . . .     SeeInvis +   g - +2 whip (freeze)
rCold    . . .     Gourm    .   (no shield)
rNeg     + . .     Faith    .   z - +0 chain mail
rPois    ∞         Spirit   .   (no helmet)
rElec    +         Reflect  .   (no cloak)
rCorr    .         Harm     .   t - +0 pair of gloves
MR       .....                  f - +0 pair of boots (curse)
Stlth    ..........             (no amulet)
HPRegen  0.13/turn              h - ring of see invisible
MPRegen  0.10/turn              (no ring)

@: very slightly contaminated
A: claws 1, frail 1, negative energy resistance 1, electricity resistance,
unbreathing, petrification resistance, rot immunity, AC +4
a: no special abilities


You were on level 4 of the Dungeon.
You were hungry.

You visited 1 branch of the dungeon, and saw 4 of its levels.

You collected 247 gold pieces.

Inventory:

Hand Weapons
 a - a +0 mace
 g - a +2 whip of freezing (weapon)
Missiles
 m - 269 stones (quivered)
Armour
 f - a cursed +0 pair of boots (worn)
 t - a +0 pair of gloves (worn)
 z - a +0 chain mail (worn)
Jewellery
 h - a ring of see invisible (left hand)
Wands
 r - a wand of random effects (25)
Scrolls
 k - 2 scrolls of enchant armour
 n - 4 scrolls of remove curse
 o - 2 scrolls of teleportation {unknown}
 u - a scroll of magic mapping {unknown}
 x - 2 scrolls of random uselessness {unknown}
 y - a scroll of identify
Potions
 i - 2 potions of lignification
 j - 3 potions of curing
 l - a potion of resistance {unknown}
 p - a potion of degeneration {unknown}
 q - a potion of flight {unknown}
 s - a potion of magic {unknown}
 v - a potion of might {unknown}
Comestibles
 c - 6 rations


   Skills:
 + Level 4.3 Fighting
 + Level 5.9 Maces & Flails
 + Level 3.3 Armour
 + Level 3.4 Dodging
 + Level 3.0 Stealth


You had 6 spell levels left.
You didn't know any spells.
Your spell library was empty.

Dungeon Overview and Level Annotations

Branches:
Dungeon (4/15)
 Temple: D:4-7

Altars:
Ashenzari
Elyvilon
Nemelex Xobeh
Qazlal
Ru
Sif Muna
Uskayaw

Annotations:
D:3 2 transporters


Innate Abilities, Weirdness & Mutations

You are resistant to torment.
Your stone body is resilient. (AC +4)
You are immune to poison.
You resist negative energy. (rN+)
You are resistant to electric shocks. (rElec)
You can survive without breathing.
You are immune to petrification.
You are immune to rotting.
You have sharp fingernails.
You are frail. (-10% HP)


Message History

Evoke which item? (* to show all) (? for menu, Esc to quit)
Aiming: Random Effects
Press: ? - help, Shift-Dir - straight line, f/p - ogre
Aim: an ogre, wielding a +0 giant club (lightly wounded)
The fireball explodes!
The fireball engulfs the ogre!
The ogre is heavily wounded.
The fireball engulfs you! The ogre barely misses you.
Evoke which item? (* to show all) (? for menu, Esc to quit)
Aiming: Random Effects
Press: ? - help, Shift-Dir - straight line, f/p - ogre
Aim: an ogre, wielding a +0 giant club (heavily wounded)
The ogre seems to speed up.
The ogre barely misses you.
Blink to where?
Press: ? - help, Dir - move target cursor, p - ogre You are very lightly contaminated with residual magic.
As you read the scroll of blinking, it crumbles to dust.
There is a stone staircase leading up here.
The ogre hits you with a +0 giant club!!
Ouch! That really hurt!
You die...

#...#####.##.#.# #...
#...#####......# ####
#..............#
#......#####..##
####..###.# #..#
#.....###.#####..#
#.###............#
#.# #####.######.#
#.# #@# #.# #.# #O#
##.## #.# #.# ##...##
#.#######.# ##.....##
#....O....###.......#
#..#######..........#
#..# ##.##.......#
#..# ##...##..#..##
#.$#####.....#.###.##
####


You could see an ogre.

Vanquished Creatures
  A howler monkey (D:4)
  2 orc priests (D:4)
  A hound (D:4)
  3 iguanas (D:4)
  2 orc wizards
  3 worker ants (D:4)
  A hound skeleton (D:4)
  8 adders
  4 gnolls
  2 oozes
  2 worms
  4 dart slugs
  4 leopard geckos
  15 orcs
  5 giant cockroaches
  3 goblins
  2 hobgoblins (D:1)
  2 jackals (D:3)
  A quokka (D:3)
  A ball python (D:1)
  9 bats
  A frilled lizard (D:1)
  5 kobolds
  4 rats
85 creatures vanquished.

Notes
Turn   | Place    | Note
-------+----------+-------------------------------------------
     0 | D:1      | Kairos the Gargoyle Monk began the quest for the Orb.
     0 | D:1      | Reached XP level 1. HP: 14/14 MP: 1/1
    64 | D:1      | Reached XP level 2. HP: 11/19 MP: 2/2
   190 | D:1      | Reached XP level 3. HP: 17/23 MP: 3/3
   798 | D:1      | Gained mutation: You are frail. (-10% HP) [potion of
                  | mutation]
   798 | D:1      | Gained mutation: Scrolls take you a little longer to read.
                  | [potion of mutation]
   798 | D:1      | Lost mutation: Scrolls take you a little longer to read.
                  | [potion of mutation]
   798 | D:1      | Gained mutation: You have sharp fingernails. [potion of
                  | mutation]
   873 | D:2      | Found a sacrificial altar of Ru.
   888 | D:2      | Reached XP level 4. HP: 18/26 MP: 4/4
  1129 | D:2      | Found a white marble altar of Elyvilon.
  1213 | D:2      | Reached skill level 1 in Armour
  1547 | D:3      | Reached skill level 4 in Maces & Flails
  1548 | D:3      | Reached XP level 5. HP: 25/29 MP: 5/5
  1794 | D:3      | Found a shattered altar of Ashenzari.
  1794 | D:3      | Noticed a hippogriff
  1796 | D:3      | Found a transporter.
  1796 | D:3      | Found a sparkling altar of Nemelex Xobeh.
  1821 | D:3      | Found a transporter.
  1827 | D:3      | Found a stormy altar of Qazlal.
  2092 | D:3      | Reached XP level 6. HP: 10/34 MP: 6/6
  2326 | D:4      | Reached skill level 5 in Maces & Flails
  2336 | D:4      | Noticed a +0 hand axe
  2342 | D:4      | Noticed a +0 hand axe
  2347 | D:4      | Found a hide-covered altar of Uskayaw.
  2364 | D:4      | Noticed a phantom
  2707 | D:4      | Found a deep blue altar of Sif Muna.
  3019 | D:4      | Reached XP level 7. HP: 37/38 MP: 7/7
  3284 | D:4      | Slain by an ogre

Skill      XL: |  1  2  3  4  5  6  7 |
---------------+----------------------+-----
Dodging        | 3 |  3.4
Armour         | 1 2 3 |  3.3
Maces & Flails | 4 5 |  5.9
Fighting       | 4 |  4.3
Stealth        | 3 |  3.0

Action                   |  1- 3 |  4- 6 |  7- 9 || total
-------------------------+-------+-------+-------++-------
Melee: Mace              |    26 |       |       ||    26
       Whip              |    68 |   237 |    53 ||   358
Throw: Stone             |       |       |     3 ||     3
Evoke: Wand              |       |       |     3 ||     3
  Use: Potion            |     2 |       |       ||     2
       Scroll            |     2 |     3 |     1 ||     6
 Stab: Sleeping          |     3 |     1 |       ||     4
  Eat: Chunk             |       |     6 |     1 ||     7
Armor: Robe              |     6 |       |       ||     6
       Ring mail         |    38 |    81 |       ||   119
       Scale mail        |       |     2 |    15 ||    17
       Chain mail        |       |       |     1 ||     1
Dodge: Dodged            |    58 |   144 |    19 ||   221
